 Dungeon Crawl Stone Soup version 0.31-a0-196-g86fe4a5e66 (webtiles) character file.

Game seed: 14809867719005668076

59 qw the Shooter (level 3, -1/20 HPs)
             Began as a Deep Elf Hunter on June 24, 2023.
             Slain by an orc priest
             ... wielding a +0 falchion
              (2 damage)
             ... on level 3 of the Dungeon.
             The game lasted 00:00:35 (1608 turns).

qw the Shooter (Deep Elf Hunter)                    Turns: 1608, Time: 00:00:36

Health: -1/20      AC:  5    Str:  7 (10) XL:     3   Next: 78%
Magic:  5/5        EV: 10    Int: 11 (13) God:
Gold:   104        SH:  0    Dex: 15 (18) Spells: 2/2 levels left

rFire   . . .        Y - +0 shortbow
rCold   . . .        (shield currently unavailable)
rNeg    . . .        d - +0 ring mail
rPois   .            (no helmet)
rElec   .            (no cloak)
rCorr   .            (no gloves)
SInv    .            (no boots)
Will    .....        (no amulet)
Stlth   +            (no ring)
HPRegen 0.23/turn    (no ring)
MPRegen 0.09/turn

%: no passive effects
@: no status effects
A: no striking features
a: no special abilities


You were on level 3 of the Dungeon.
You visited 1 branch of the dungeon, and saw 3 of its levels.

You collected 104 gold pieces.


   Skills:
 - Level 1.5 Fighting
 + Level 7.3 Ranged Weapons
 - Level 2.4 Dodging
 - Level 1.2 Stealth


You had 2 spell levels left.
You didn't know any spells.
Your spell library was empty.

Inventory:

Hand Weapons
 Y - a +0 shortbow (weapon)
Armour
 d - a +0 ring mail (worn)
Scrolls
 a - a scroll of identify
Potions
 i - a potion of mutation {unknown}

Dungeon Overview and Level Annotations

Branches:
Dungeon (3/15)

Altars:
Ashenzari
Dithmenos


Message History

You shoot an arrow. The orc priest shouts!
The arrow hits the orc but does no damage.
You shoot an arrow. The arrow closely misses the orc.
You shoot an arrow. The arrow barely misses the orc.
The orc hits you with a +0 club.
An orc comes into view. It is wielding a +0 war axe.
You shoot an arrow. The arrow hits the orc!
You kill the orc!
You shoot an arrow.
The arrow hits the orc priest but does no damage.
The orc priest hits you but does no damage.
You shoot an arrow. The arrow barely misses the orc priest.
The orc priest hits you with a +0 falchion.
You shoot an arrow. The arrow hits the orc priest.
The orc priest is moderately wounded.
You shoot an arrow. The arrow hits the orc priest.
The orc priest is heavily wounded.
The orc priest hits you but does no damage.
You shoot an arrow. The arrow barely misses the orc priest.
The orc priest hits you but does no damage.
The orc hits you but does no damage. The orc hits you with a +0 war axe.
The orc priest invokes the aid of Beogh against you.
Beogh smites you!
Ouch! That really hurt!
You shoot an arrow.
The arrow closely misses the orc priest.
The orc priest hits you with a +0 falchion.
The orc barely misses you.
You shoot an arrow.
The arrow hits the orc priest but does no damage.
The orc priest is heavily wounded.
The orc barely misses you. The orc priest misses you.
You shoot an arrow. The arrow hits the orc priest.
The orc priest is severely wounded.
The orc priest closely misses you. The orc hits you with a +0 war axe.
You shoot an arrow. The arrow hits the orc priest.
The orc priest is severely wounded.
The orc priest hits you with a +0 falchion.
You die...

####.# #.... ### #)# ##### ##.##
#.# ##.#)###.#######
##.###..........# ##.##
##....#..... #.## ##....###.#
######..## ##....####.#
#...##@#.###.##.......#
###..).oo##.#.###.#######
##...########.## #.# #..###.##
### ##'## ##.##..=# ##...## ###
##..#....### ##.....## #.##
#..#####.#.## ##.......##
...###..#...#....####.........###
........#._.+...!...'.........'..


You could see an orc priest and an orc.

Vanquished Creatures
  An adder (D:2)
  A gnoll (D:1)
  2 dart slugs
  2 orcs (D:3)
  5 bats
  4 endoplasms
  A giant cockroach (D:2)
  A hobgoblin (D:2)
  6 kobolds
  2 quokkas (D:1)
  A ball python (D:1)
  5 frilled lizards
  4 goblins
  A rat (D:1)
36 creatures vanquished.

Notes
Turn   | Place    | Note
-------+----------+-------------------------------------------
     0 | D:1      | qw the Deep Elf Hunter began the quest for the Orb.
     0 | D:1      | Reached XP level 1. HP: 12/12 MP: 3/3
     0 | D:1      | 0 ||| qw: Version: 0.3-a-9-g12657ce
     0 | D:1      | 0 ||| qw: Game counter: 4850
     0 | D:1      | 0 ||| qw: Always use a shield: true
     0 | D:1      | 0 ||| qw: God list: Okawaru
     0 | D:1      | 0 ||| qw: Allow faded altars: false
     0 | D:1      | 0 ||| qw: Do Orc after D:15 true
     0 | D:1      | 0 ||| qw: Do second Lair branch before Depths: true
     0 | D:1      | 0 ||| qw: Lair rune preference: random
     0 | D:1      | 0 ||| qw: Plans: Normal
     0 | D:1      | 0 ||| PLANNING D:1-11
   301 | D:1      | Found a faded altar of an unknown god.
   332 | D:1      | Reached skill level 6 in Ranged Weapons
   332 | D:1      | Reached XP level 2. HP: 16/16 MP: 4/4
   484 | D:1      | 484 ||| UPGRADING to +0 ring mail.
   494 | D:1      | 494 ||| DROPPING +0 leather armour.
   495 | D:1      | 495 ||| READING 2 scrolls labelled MUASAIS QOLISA.
   496 | D:1      | 496 ||| READING scroll labelled RUNOUN XOAXUT.
   497 | D:1      | 497 ||| READING scroll labelled HETUIG ISIYP.
   498 | D:1      | 498 ||| DROPPING scroll of butterflies.
   561 | D:2      | Found a shadowy altar of Dithmenos.
   624 | D:2      | Reached XP level 3. HP: 20/20 MP: 5/5
  1106 | D:2      | 1106 ||| READING scroll labelled VOXACSOCURR.
  1107 | D:2      | 1107 ||| READING scroll labelled YTU DU ERI.
  1110 | D:2      | 1110 ||| DRINKING 2 brown potions.
  1111 | D:2      | 1111 ||| DROPPING potion of degeneration.
  1135 | D:3      | Reached skill level 7 in Ranged Weapons
  1170 | D:3      | Found a broken altar of Ashenzari.
  1567 | D:3      | 1567 ||| READING 2 scrolls of identify.
  1567 | D:3      | 1567 ||| IDENTIFYING fuming ruby potion
  1568 | D:3      | 1568 ||| DROPPING potion of brilliance.
  1605 | D:3      | HP: 4/20 [orc priest/+0 falchion (3)]
  1607 | D:3      | HP: 1/20 [orc/+0 war axe (4)]
  1608 | D:3      | Slain by an orc priest

Levels and vault maps discovered:
D:1:      minmay_arrival_statue_studded, layout_basic,
          shapermc_ecumenical_altar_rom_forum
D:2:      minmay_evil_eye, layout_basic, basic_altar
D:3:      kennysheep_big_flooded_room, layout_loops_corners,
          nicolae_ashenzari_skybound, grunt_ministairs_8,
          kennysheep_generic_room_13

Skill      XL: |  1  2  3 |
---------------+----------+-----
Ranged Weapons | 6 7 |  7.3
Fighting       | |  1.5
Dodging        | |  2.4
Stealth        | |  1.2

Action                     || total
---------------------------++-------
   Fire: Shortbow          ||   101
    Use: Scroll            ||     6
         Potion            ||     1
 Armour: Leather armour    ||     3
         Ring mail         ||    12
  Dodge: Dodged            ||    24

Table legend:
 A = Non-vault XP
 B = Vault XP
 C = Vault XP percentage of total XP
 D = Non-vault monster count
 E = Vault monster count
 F = Vault count percentage of total count
                 A         B        C        D         E       F
            +---------+---------+-------+---------+---------+-------
      Total |      83 |       2 |   2.4 |      35 |       1 |   2.8
            +---------+---------+-------+---------+---------+-------
        D:1 |      31 |       0 |   0.0 |      13 |       0 |   0.0
        D:2 |      29 |       2 |   6.5 |      10 |       1 |   9.1
        D:3 |      23 |       0 |   0.0 |      12 |       0 |   0.0
            +---------+---------+-------+---------+---------+-------
